 Dungeon Crawl Stone Soup version 0.21.1-1-g345015f (webtiles) character file.

1301 teukkam the Ruffian (level 8, -6/84 HPs)
             Began as a Troll Monk on June 26, 2018.
             Mangled by a two-headed ogre
             ... wielding a +0 giant club
              (15 damage)
             ... on level 8 of the Dungeon on June 27, 2018.
             The game lasted 00:19:28 (2278 turns).

teukkam the Ruffian (Troll Monk)                    Turns: 2278, Time: 00:19:30

Health: -6/84      AC:  5    Str: 22    XL:     8   Next: 31%
Magic:  0/7        EV: 16    Int:  6    God:
Gold:   128        SH:  0    Dex: 17    Spells: 7/7 levels left

rFire    . . .     SeeInvis .     - Unarmed
rCold    . . .     Gourm    +   (no shield)
rNeg     . . .     Faith    .   a - +0 robe
rPois    .         Spirit   +   (helmet restricted)
rElec    .         Reflect  .   m - scarf {Spirit}
rCorr    .         Harm     .   (gloves unavailable)
MR       .....                  (boots unavailable)
Stlth    +++.......             (no amulet)
HPRegen  0.64/turn              (no ring)
MPRegen  0.10/turn              (no ring)

@: agile
A: large, unfitting armour, claws 3, fast metabolism 3, gourmand, regeneration
1, shaggy fur 1, tough skin 2
a: no special abilities


You were on level 8 of the Dungeon.
You were very full.

You visited 1 branch of the dungeon, and saw 9 of its levels.

You collected 128 gold pieces.

Inventory:

Missiles
 e - 10 poisoned needles
 o - a tomahawk (quivered)
Armour
 a - a +0 robe (worn)
 m - a scarf of spirit shield (worn)
Scrolls
 d - 3 scrolls of identify
 h - 2 scrolls of remove curse
Potions
 i - a potion of curing
Comestibles
 b - 12 rations
 c - 2 chunks of flesh


   Skills:
 + Level 6.5 Fighting
 - Level 2.4 Dodging
 - Level 1.0 Stealth
 + Level 7.8 Unarmed Combat


You had 7 spell levels left.
You didn't know any spells.

Dungeon Overview and Level Annotations

Branches:
Dungeon (9/15)             Temple (0/1) D:4            Lair (0/6) D:8
    Orc: D:9-12

Altars:


Innate Abilities, Weirdness & Mutations

You are too large for most types of armour.
You have claws for hands.
Your metabolism is lightning-fast.
You like to eat raw meat.
Your natural rate of healing is unusually fast.
You are covered in fur. (AC +1)
You have very tough skin. (AC +2)


Message History

You feel better.
The two-headed ogre hits you with a giant club!!
The two-headed ogre barely misses you.
You closely miss the two-headed ogre.
The two-headed ogre is moderately wounded.
The two-headed ogre hits you with a giant club!
* * * LOW HITPOINT WARNING * * *
The two-headed ogre misses you.
As you read the scroll labeled ZITIENW JEUL, it crumbles to dust.
The creatures around you are filled with an inner flame!
It was a scroll of immolation.
The two-headed ogre hits you with a giant club!
* * * LOW HITPOINT WARNING * * *
The two-headed ogre closely misses you.
Okay, then.
You feel agile all of a sudden.
Okay, then.
The two-headed ogre closely misses you.
The two-headed ogre hits you with a giant club!
You die...

# # # ########### .#
....5.....# .#
#########.# ..# #
#.########..###. #
#..5...)5....... #
########O#..... #@#
### ### ##############
............>#
############.######.##
#.##......#
#.##<###..#
###########.##.###..#
#...................#


You could see a two-headed ogre (inner flame) and a crimson imp.

Vanquished Creatures
  Eustachio (D:6)
  Edmund (D:6)
  A sky beast (D:8)
  2 ogres
  A centaur (D:6)
  A bullfrog (D:6)
  A howler monkey (D:6)
  A crimson imp (D:6)
  A jelly (D:5)
  3 hounds
  A gnoll shaman (D:7)
  2 orc wizards (D:3)
  An orc priest (D:3)
  3 iguanas
  2 worker ants
  Robin (D:3)
  6 gnolls
  5 adders
  An adder skeleton (D:6)
  A worm (D:2)
  2 dart slugs
  3 leopard geckos
  13 orcs
  7 bats
  15 goblins
  8 hobgoblins
  4 jackals (D:4)
  3 kobolds
  2 quokkas (D:2)
  A ball python (D:2)
  4 frilled lizards
  A leopard gecko zombie (D:7)
  7 rats
106 creatures vanquished.

Notes
Turn   | Place    | Note
-------+----------+-------------------------------------------
     0 | D:1      | teukkam the Troll Monk began the quest for the Orb.
     0 | D:1      | Reached XP level 1. HP: 22/22 MP: 0/0
   106 | D:1      | Reached XP level 2. HP: 29/29 MP: 1/1
   189 | D:3      | Reached XP level 3. HP: 32/37 MP: 2/2
   208 | D:3      | Reached skill level 4 in Unarmed Combat
   264 | D:2      | Reached XP level 4. HP: 41/45 MP: 3/3
   509 | D:3      | Noticed Robin
   976 | D:3      | Killed Robin
   992 | D:3      | Reached XP level 5. HP: 54/54 MP: 4/4
  1181 | D:3      | Reached skill level 5 in Unarmed Combat
  1288 | D:4      | Found a staircase to the Ecumenical Temple.
  1308 | D:4      | Noticed an ogre
  1317 | D:4      | Reached XP level 6. HP: 58/63 MP: 5/5
  1393 | D:5      | Entered Level 5 of the Dungeon
  1528 | D:6      | Reached skill level 5 in Fighting
  1528 | D:6      | Reached skill level 6 in Unarmed Combat
  1528 | D:6      | Reached XP level 7. HP: 59/72 MP: 4/6
  1814 | D:6      | Noticed Eustachio
  1818 | D:6      | Noticed Edmund
  1842 | D:6      | Killed Edmund
  1848 | D:6      | Killed Eustachio
  1848 | D:6      | Reached skill level 7 in Unarmed Combat
  1900 | D:6      | Reached XP level 8. HP: 44/83 MP: 4/7
  2233 | D:8      | Noticed a two-headed ogre
  2271 | D:8      | Found a staircase to the Lair.
  2278 | D:8      | Mangled by a two-headed ogre

Skill      XL: |  1  2  3  4  5  6  7 |
---------------+----------------------+-----
Fighting       | 3 4 5 6 |  6.5
Unarmed Combat | 4 5 6 7 |  7.8
Dodging        | |  2.4
Stealth        | |  1.0

Action                   |  1- 3 |  4- 6 |  7- 9 || total
-------------------------+-------+-------+-------++-------
Melee: Unarmed           |    51 |   178 |   105 ||   334
       Punch             |       |     5 |     7 ||    12
Throw: Tomahawk          |       |     1 |       ||     1
  Use: Potion            |       |     5 |     5 ||    10
       Scroll            |       |       |     8 ||     8
 Stab: Sleeping          |       |     2 |       ||     2
  Eat: Chunk             |     8 |    12 |     6 ||    26
Armor: Robe              |     9 |    52 |    28 ||    89
Dodge: Dodged            |    38 |    71 |    65 ||   174
